 Dungeon Crawl Stone Soup version 0.25.1-1-g288607f (webtiles) character file.

Game seed: 4047356451398232846

2254 RonnieColeman the Thaumaturge (level 9, -8/53 HPs)
             Began as a Deep Elf Conjurer on Oct 10, 2020.
             Was a Follower of Sif Muna.
             Mangled by Duvessa
             ... wielding a +0 short sword
              (16 damage)
             ... on level 7 of the Dungeon.
             The game lasted 00:17:32 (8129 turns).

RonnieColeman the Thaumaturge (Deep Elf Conjurer)   Turns: 8129, Time: 00:17:32

Health: -8/53      AC:  5    Str:  5    XL:     9   Next: 15%
Magic:  13/26      EV: 13    Int: 24    God:    Sif Muna [*.....]
Gold:   375        SH:  0    Dex: 15    Spells: 22/30 levels left

rFire    + . .     SeeInvis .   f - +0 dagger
rCold    x . .     Gourm    .   (no shield)
rNeg     . . .     Faith    .   a - +1 robe
rPois    .         Spirit   .   j - +1 helmet
rElec    .         Reflect  .   (no cloak)
rCorr    .         Harm     .   (no gloves)
MR       .....                  (no boots)
Stlth    ++........             (no amulet)
HPRegen  0.17/turn              m - ring of fire
MPRegen  0.20/turn              (no ring)

@: very slightly contaminated
A: no striking features
a: Channel Magic, Renounce Religion


You were on level 7 of the Dungeon.
You worshipped Sif Muna.
Sif Muna was aware of your devotion.
You were not hungry.

You visited 2 branches of the dungeon, and saw 8 of its levels.

You collected 375 gold pieces.

Inventory:

Hand Weapons
 f - a +0 dagger (weapon)
Armour
 a - a +1 robe (worn)
 j - a +1 helmet (worn)
Jewellery
 m - a ring of fire (left hand)
Scrolls
 h - 2 scrolls of remove curse
 i - 2 scrolls of identify
 p - a scroll of teleportation {unknown}
Potions
 b - a potion of heal wounds
 d - 6 potions of curing
 e - a potion of magic
 g - a potion of stabbing
 k - 3 potions of lignification
 n - 2 potions of haste
 o - a potion of brilliance {unknown}
 q - a potion of invisibility {unknown}
Comestibles
 c - 12 rations
 l - a chunk of flesh


   Skills:
 + Level 4.8 Fighting
 - Level 2.4 Dodging
 - Level 2.4 Stealth
 * Level 11.4 Spellcasting
 + Level 8.0 Conjurations


You had 22 spell levels left.
You knew the following spells:

 Your Spells              Type           Power        Failure   Level  Hunger
a - Magic Dart            Conj           ####         1%          1    None
b - Searing Ray           Conj           ######       1%          2    None
c - Mephitic Cloud        Conj/Pois/Air  ####....     4%          3    None
f - Blink                 Tloc           N/A          7%          2    None

Your spell library contained the following spells:

 Spells                   Type           Power        Failure   Level  Hunger
 Conjure Flame            Conj/Fire      #####...     2%          3    None
 Dazzling Flash           Conj/Hex       ####..       2%          3    None
 Call Imp                 Summ           ##......     7%          2    None
 Slow                     Hex            ##......     7%          2    None
 Fulminant Prism          Conj/Hex       ####......   9%          4    None
 Iskenderun's Mystic Bla  Conj/Tloc      ####....     9%          4    None


Dungeon Overview and Level Annotations

Branches:
Dungeon (7/15)             Temple (1/1) D:5

Altars:
Ashenzari
Cheibriados
Dithmenos
Elyvilon
Fedhas
Gozag
Hepliaklqana
Kikubaaqudgha
Makhleb
Nemelex Xobeh
Qazlal
Ru
Sif Muna
Trog
Uskayaw
Vehumet
Wu Jian
Xom
Yredelemnul
Zin

Annotations:
D:7 Duvessa, Harold


Message History

Casting: Searing Ray (safe; 1% risk of failure)
Confirm with . or Enter, or press ? or * to list all spells.
Aiming: Mephitic Cloud (dangerous; 4% risk of failure)
Press: ? - help, Shift-Dir - straight line, p - Duvessa You miscast Mephitic Cloud.
You are very lightly contaminated with residual magic.
Nothing appears to happen.
Duvessa hits you but does no damage. The bullfrog hits you.
* * * LOW HITPOINT WARNING * * *
Duvessa barely misses you. The bullfrog misses you.
Unknown command.
Casting: Mephitic Cloud (dangerous; 4% risk of failure)
Confirm with . or Enter, or press ? or * to list all spells.
Aiming: Mephitic Cloud (dangerous; 4% risk of failure)
Press: ? - help, Shift-Dir - straight line The ball explodes into a vile cloud!
The stinking cloud engulfs Duvessa but does no damage.
Duvessa is heavily wounded.
Duvessa is engulfed in noxious fumes.
Duvessa hits you with a +0 short sword!
You die...

## . #......#...........
..[.. ...
#......#...........
##... ...
#......#...........
..... ....
###...#........... .....
..... #............#....
.....
.....##............#....
##...
........................
....
......F...(.............
....
....)○e@................
....
#....☼○......#..........
....
#...§§#......#######....
.... #.....#.?....#
...... ...# #....
#......#####...... ..##
###.. #.................
..# ..
#######........... ..#
... ..................
... ...............


You could see Duvessa (berserk) and a bullfrog.

Vanquished Creatures
  The ghost of jorbis the Skirmisher, an amateur MfCK of Xom (D:3)
  Eustachio (D:5)
  A hungry ghost (D:7)
  An ice beast (D:5)
  A black bear (D:6)
  An ogre (D:5)
  2 sky beasts
  2 phantoms
  A bullfrog (D:7)
  A gnoll sergeant (D:6)
  Dowan (D:7)
  A howler monkey (D:4)
  4 crimson imps (D:5)
  3 hounds
  3 orc priests
  4 jellies (D:5)
  2 orc wizards (D:5)
  An iguana (D:5)
  3 worker ants
  A hound zombie (D:5)
  A hound skeleton (D:4)
  8 gnolls
  14 adders
  A shadow imp (D:7)
  An ooze (D:2)
  An adder skeleton (D:6)
  A worm (D:4)
  3 dart slugs
  9 leopard geckos
  14 orcs
  8 bats
  5 giant cockroaches
  6 goblins
  10 hobgoblins
  13 jackals
  3 quokkas
  3 ball pythons
  8 frilled lizards
  A jackal zombie (D:6)
  5 kobolds
  A quokka zombie (D:5)
  3 rats
154 creatures vanquished.

Vanquished Creatures (others)
  A frilled lizard (D:1)
1 creature vanquished.

Grand Total: 155 creatures vanquished

Notes
Turn   | Place    | Note
-------+----------+-------------------------------------------
     0 | D:1      | RonnieColeman the Deep Elf Conjurer began the quest for the
                  | Orb.
     0 | D:1      | Reached XP level 1. HP: 10/10 MP: 6/6
   418 | D:1      | Reached XP level 2. HP: 16/16 MP: 4/8
  1436 | D:2      | Reached skill level 4 in Spellcasting
  1440 | D:2      | Reached XP level 3. HP: 17/20 MP: 2/10
  1444 | D:2      | Learned a level 2 spell: Searing Ray
  1567 | D:2      | Found an opulent altar of Gozag.
  1575 | D:2      | Reached skill level 1 in Fighting
  1815 | D:2      | Reached XP level 4. HP: 25/25 MP: 0/12
  2032 | D:2      | Reached skill level 5 in Conjurations
  2122 | D:2      | Reached skill level 5 in Spellcasting
  2449 | D:2      | Found a white marble altar of Elyvilon.
  2579 | D:3      | Reached XP level 5. HP: 30/30 MP: 11/14
  2889 | D:3      | Reached skill level 6 in Spellcasting
  3498 | D:3      | Found a faded altar of an unknown god.
  3566 | D:3      | Found a runed translucent door.
  3566 | D:3      | Noticed jorbis's ghost (amateur MfCK)
  3597 | D:3      | Killed jorbis's ghost
  3597 | D:3      | Reached skill level 7 in Spellcasting
  3597 | D:3      | Reached XP level 6. HP: 7/36 MP: 1/18
  4091 | D:4      | Reached XP level 7. HP: 30/40 MP: 5/20
  4841 | D:4      | Found a bloodstained altar of Trog.
  4986 | D:5      | Entered Level 5 of the Dungeon
  4995 | D:5      | Reached skill level 8 in Spellcasting
  5227 | D:5      | Found a staircase to the Ecumenical Temple.
  5234 | Temple   | Entered the Ecumenical Temple
  5297 | Temple   | Became a worshipper of Sif Muna the Loreminder
  5624 | D:5      | Reached skill level 9 in Spellcasting
  5671 | D:5      | Reached XP level 8. HP: 30/46 MP: 14/23
  5884 | D:5      | Noticed Eustachio
  5894 | D:5      | Killed Eustachio
  5958 | D:5      | Reached * piety under Sif Muna
  6427 | D:5      | Reached skill level 10 in Spellcasting
  6590 | D:6      | Found a shimmering altar of Xom.
  6593 | D:6      | Found a shimmering altar of Xom.
  6713 | D:6      | Found a shimmering altar of Xom.
  6714 | D:6      | Found a shimmering altar of Xom.
  6714 | D:6      | Found a shimmering altar of Xom.
  7228 | D:6      | Reached skill level 11 in Spellcasting
  7408 | D:6      | Found a hide-covered altar of Uskayaw.
  7459 | D:6      | Learned a level 3 spell: Mephitic Cloud
  7462 | D:6      | Learned a level 2 spell: Blink
  7678 | D:7      | Reached XP level 9. HP: 52/52 MP: 20/26
  7745 | D:7      | Found a shattered altar of Ashenzari.
  7893 | D:7      | Found an ornate altar of the Wu Jian Council.
  7926 | D:7      | Noticed Harold
  7931 | D:7      | Noticed Duvessa
  7935 | D:7      | Noticed Dowan
  8123 | D:7      | Killed Dowan
  8129 | D:7      | Mangled by Duvessa

Illustrated notes

Levels and vault maps discovered:
D:1:      nicolae_arrival_washed_ashore, layout_loops_ring, lemuel_flame_loot_1
D:2:      layout_rooms, nicolae_overflow_hidden_temple,
          nicolae_gozag_seed_capital, first_ration, small_statue_intersection,
          minmay_box_of_dots
D:3:      layout_basic, chequers_ecumenical_altar_simple, gammafunk_ghost_grave,
          minmay_misc_feat_secret_circle
D:4:      layout_rooms, lightli_temple_of_fire, minmay_ruptured
D:5:      layout_basic, temple_doors_e, minmay_lizard_king, uniq_eustachio
D:6:      layout_rooms, eat_drink_and_be_merry_uskayaw, xom_redecorated
D:7:      layout_basic, old_standard_altar, nicolae_tso_besieged_by_evil,
          evilmike_ruin_ashenzari, uniq_duvessa, uniq_harold
Temple:   dpeg_chambers_temple

Skill      XL: |  1  2  3  4  5  6  7  8  9 |
---------------+----------------------------+-----
Spellcasting   | 4 5 7 9 11 | 11.4
Fighting       | 1 2 3 4 |  4.8
Conjurations   | 5 6 7 8 |  8.0
Dodging        | |  2.4
Stealth        | |  2.4

Action                   |  1- 3 |  4- 6 |  7- 9 || total
-------------------------+-------+-------+-------++-------
Melee: Unarmed           |     3 |       |       ||     3
       Dagger            |     9 |    40 |    30 ||    79
 Cast: Magic Dart        |    41 |    33 |    32 ||   106
       Searing Ray       |     9 |    23 |    62 ||    94
       Mephitic Cloud    |       |       |     3 ||     3
  Use: Potion            |     1 |       |     2 ||     3
       Scroll            |       |       |    10 ||    10
 Stab: Sleeping          |     2 |     1 |     1 ||     4
  Eat: Chunk             |     3 |     6 |    13 ||    22
Armor: Robe              |     7 |    17 |    25 ||    49
Dodge: Dodged            |    25 |    63 |    72 ||   160
